Inferno vs River Rats
Created - 8 mars 2014 at 19:46
Goals
|
| Inferno |
4 |
1 |
1 |
6 |
| River Rats |
1 |
0 |
3 |
4 |
|
Shots
|
| Inferno |
19 |
10 |
12 |
41 |
| River Rats |
6 |
12 |
11 |
29 |
|
1st period
1. River Rats , James Van Riemsdyk 16 (Niklas Sundstrom, Tyler Bozak) at 2:40 (PP)
2. Inferno , Derek Meech 6 (Colin Wilson, Stephane Veilleux) at 7:22 (PP)
3. Inferno , Jonathan Ferland 52 (Mikhail Grabovski, Andrej Meszaros) at 7:42 (PP)
4. Inferno , Colin Wilson 17 (Stephane Veilleux) at 8:26 (PP)
5. Inferno , Mikhail Grabovski 48 (Brad Marchand, Andrej Meszaros) at 8:42 (PP)
Penalties :
Yannick Weber (Anc) for Hooking (Minor) at 2:20, Pavel Valentenko (Alb) for Head-butting (Major / Game Misconduct) at 6:39, Stephane Veilleux (Anc) for Roughing (Minor) at 14:34
2nd period
6. Inferno , Stephane Veilleux 32 (Colin Wilson, Andrej Sekera) at 13:10
Penalties :
Tyler Bozak (Alb) for Interference (Minor) at 4:13, Stephane Veilleux (Anc) for Hooking (Minor) at 15:24
3rd period
7. River Rats , Mikkel Boedker 32 (Martin Grenier) at 0:33
8. Inferno , Stephane Veilleux 33 (Jozef Balej, Colin Wilson) at 0:54
9. River Rats , Peter Mueller 24 (Mikkel Boedker, Nolan Pratt) at 13:10
10. River Rats , Sergei Kostitsyn 24 (Mikkel Boedker, Peter Mueller) at 14:42 (PP)
Penalties :
Mikkel Boedker (Alb) for Fighting (Major) at 1:01, Derek Meech (Anc) for Fighting (Major) at 1:01, Tomas Kubalik (Alb) for Hooking (Minor) at 2:32, Brian Boyle (Anc) for Hooking (Minor) at 14:00, Vladimir Sobotka (Anc) for Hooking (Minor) at 16:55
Goalie Stats
Jonathan Boutin (Anc), 25 saves from 29 shots - (0,862), W, 8-7-3, 60:00 minutes
Jonathan Bernier (Alb), 12 saves from 16 shots - (0,750), 8:42 minutes
Braden Holtby (Alb), 23 saves from 25 shots - (0,920), L, 9-16-3, 51:18 minutes
Players Stats for Inferno
Player Name G A P +/- PIM S H SB GA TA FO MP PP MP PK MP
------------------------------------------------------------------------------------
Alex Berry 0 0 0 0 0 2 2 0 0 0 0/0 10:34 0:00 0:00
Andrej Meszaros 0 2 2 0 0 2 2 0 1 1 0/0 25:43 6:55 2:04
Andrej Sekera 0 1 1 0 0 2 1 0 0 1 0/0 21:16 2:02 2:34
Brad Marchand 0 1 1 -2 0 4 2 1 1 0 1/4 22:12 4:52 1:15
Brendan Mikkelson 0 0 0 0 0 0 0 1 0 0 0/0 11:17 0:00 0:00
Brendan Smith 0 0 0 0 0 1 3 3 0 2 0/0 23:01 4:01 4:55
Brian Boyle 0 0 0 0 2 3 2 0 1 0 9/13 14:01 0:00 3:20
Colin Wilson 1 3 4 2 0 3 3 0 0 0 15/25 15:13 4:02 0:00
Derek Meech 1 0 1 0 5 4 0 1 0 2 0/0 25:29 4:56 4:25
Jonathan Ferland 1 0 1 -2 0 4 1 0 1 0 1/2 23:42 4:52 3:52
Jozef Balej 0 1 1 2 0 3 1 2 0 0 1/1 11:17 0:03 0:00
Matt Kassian 0 0 0 0 0 0 0 0 0 0 0/0 6:42 0:00 0:00
Mikhail Grabovski 1 1 2 -2 0 7 0 0 3 1 17/33 22:07 4:52 1:48
Pierre-Luc Létourneau 0 0 0 0 0 0 2 0 0 0 0/0 12:23 0:00 1:46
Stephane Veilleux 2 2 4 2 4 5 2 1 0 1 0/0 16:56 4:05 0:00
Vladimir Sobotka 0 0 0 0 2 1 0 1 1 0 1/4 8:41 0:00 1:57
Vladimir Zharkov 0 0 0 0 0 0 2 2 0 0 0/0 10:51 4:05 0:00
Yannick Weber 0 0 0 0 2 0 0 2 0 0 0/0 11:30 0:00 0:00
Players Stats for River Rats
Player Name G A P +/- PIM S H SB GA TA FO MP PP MP PK MP
------------------------------------------------------------------------------------
Brett Maclean 0 0 0 0 0 1 3 0 1 0 0/1 17:11 0:12 0:00
Bryan Rodney 0 0 0 0 0 3 0 0 0 1 0/0 24:09 2:12 3:02
James Van Riemsdyk 1 0 1 0 0 2 2 0 0 0 2/2 17:04 4:16 0:50
Jamie Arniel 0 0 0 0 0 0 1 0 0 0 1/2 6:25 0:00 0:00
Kyle Chipchura 0 0 0 0 0 0 3 0 0 0 11/24 16:10 0:00 5:58
Martin Grenier 0 1 1 0 0 5 4 0 0 1 0/0 27:22 2:27 5:55
Matt Jones 0 0 0 0 0 2 1 2 0 1 0/0 20:58 2:27 3:02
Mikkel Boedker 1 2 3 0 5 3 5 0 1 0 0/0 15:28 2:37 2:09
Niklas Sundstrom 0 1 1 0 0 3 2 1 2 1 2/3 20:08 4:16 0:00
Nolan Pratt 0 1 1 0 0 1 0 2 1 2 0/0 23:09 4:32 5:55
Patrick Maroon 0 0 0 0 0 2 1 0 0 0 0/0 6:31 0:06 0:00
Pavel Valentenko 0 0 0 0 15 0 0 0 0 0 0/0 0:29 0:00 0:00
Peter Mueller 1 1 2 0 0 2 3 0 1 0 11/20 14:50 2:37 0:19
Roman Josi 0 0 0 0 0 0 0 0 0 0 0/0 8:42 0:00 0:00
Sergei Kostitsyn 1 0 1 0 0 3 1 0 1 0 0/4 14:24 2:37 2:40
Steve Quailer 0 0 0 0 0 1 2 2 0 0 0/1 15:50 0:00 5:58
Tomas Kubalik 0 0 0 0 2 0 0 0 0 0 1/1 7:13 0:00 0:00
Tyler Bozak 0 1 1 0 2 1 1 1 1 1 9/24 20:09 4:16 0:00
Tyler Myers 0 0 0 0 0 0 0 0 0 1 0/0 14:47 2:20 0:00
3 Stars
1 - Colin Wilson (Anc)
2 - Stephane Veilleux (Anc)
3 - Peter Mueller (Alb)
Power Play
Inferno - 4 on 3 Attempt(s) - 133,33%
River Rats - 2 on 5 Attempt(s) - 40,00%
Penalty Kill
Inferno - 3 on 5 Attempt(s) - 60,00%
- Score 0 goal in Penalty Kill
River Rats - -1 on 3 Attempt(s) - -33,33%
- Score 0 goal in Penalty Kill
Official
Referees : Kimmerly Greg and Kowal Tom
Linesman : Thor Nelson and Lyle Seitz
Game Notes
Pavel Valentenko ejected from game at 6:39 of 1st period
Pavel Valentenko from River Rats is suspended for 1 game(s)
Braden Holtby enters game at 8:42 of 1st period
Derek Meech beats up Mikkel Boedker at 1:01 of 3rd period
Tyler Myers is injured at 1:50 of 3rd period (Sprained Right Finger)
8:49 of 3rd period - Inferno goal is going for a video replay. After video review, No Goal. The puck has entered the net after making contact with an attacking player’s stick that is above the height of the crossbar.
Brendan Mikkelson is injured at 19:13 of 3rd period (Bruised Right Arm)
Finance
Level 1 -- Attendance: 1419 (70,95%) -- Ticket Income 49 665 $
Level 2 -- Attendance: 761 (76,10%) -- Ticket Income 11 415 $
Total Attendance: 2180 (72,67%)
Total Ticket Income: 61 080 $
Other Income: 3 054 $
Total Income: 64 134 $
Inferno
5 vs 5 Forward
Center Left Wing Right Wing Time % Phy DF OF
1 Mikhail Grabovski Brad Marchand Jonathan Ferland 40 1 2 2
2 Colin Wilson Stephane Veilleux Jozef Balej 30 1 2 2
3 Brian Boyle Pierre-Luc Létourneau Alex Berry 20 1 2 2
4 Vladimir Sobotka Matt Kassian Vladimir Zharkov 10 1 2 2
5 vs 5 Defense
Defense Defense Time % Phy DF OF
1 Andrej Meszaros Derek Meech 40 1 2 2
2 Andrej Sekera Brendan Smith 30 1 2 2
3 Brendan Mikkelson Yannick Weber 20 1 2 2
4 Andrej Sekera Derek Meech 10 1 2 2
PowerPlay Forward
Center Left Wing Right Wing Time % Phy DF OF
1 Mikhail Grabovski Brad Marchand Jonathan Ferland 60 1 2 2
2 Colin Wilson Stephane Veilleux Vladimir Zharkov 40 1 2 2
PowerPlay Defense
Defense Defense Time % Phy DF OF
1 Andrej Meszaros Derek Meech 60 1 2 2
2 Andrej Sekera Brendan Smith 40 1 2 2
Penalty Kill 4 Players Forward
Center Wing Time % Phy DF OF
1 Brian Boyle Jonathan Ferland 60 1 3 1
2 Vladimir Sobotka Pierre-Luc Létourneau 40 1 3 1
Penalty Kill 4 Players Defense
Defense Defense Time % Phy DF OF
1 Brendan Smith Derek Meech 60 1 3 1
2 Andrej Sekera Brendan Smith 40 1 3 1
Penalty Kill - 3 Players Forward
Forward Time % Phy DF OF
1 Brian Boyle 60 1 4 0
2 Vladimir Sobotka 40 1 4 0
Penalty Kill - 3 Players Defense
Defense Defense Time % Phy DF OF
1 Brendan Smith Derek Meech 60 1 4 0
2 Andrej Sekera Brendan Smith 40 1 4 0
4 vs 4 Forward
Center Wing Time % Phy DF OF
1 Mikhail Grabovski Brad Marchand 60 1 2 2
2 Colin Wilson Jonathan Ferland 40 1 2 2
4 vs 4 Defense
Defense Defense Time % Phy DF OF
1 Andrej Meszaros Derek Meech 60 1 2 2
2 Andrej Sekera Brendan Smith 40 1 2 2
Last Minutes Offensive
Center Left Wing Right Wing Defense Defense
Mikhail Grabovski Brad Marchand Jonathan Ferland Brendan Smith Derek Meech
Last Minutes Defensive
Center Left Wing Right Wing Defense Defense
Mikhail Grabovski Brad Marchand Jonathan Ferland Andrej Sekera Derek Meech
Goaltenders
Starting : Jonathan Boutin
Backup : Josh Harding
Extra Forwards
Normal : Jonathan Ferland, Pierre-Luc Létourneau, Jozef Balej - PP : Jozef Balej, Pierre-Luc Létourneau - PK : Vladimir Sobotka
Extra Defensemen
Normal : Andrej Sekera, Brendan Smith, Brendan Mikkelson - PP : Brendan Smith - PK : Andrej Sekera, Brendan Smith
Penalty Shots
Mikhail Grabovski, Colin Wilson, Jonathan Ferland, Brad Marchand, Vladimir Zharkov
River Rats
5 vs 5 Forward
Center Left Wing Right Wing Time % Phy DF OF
1 Tyler Bozak Brett Maclean Niklas Sundstrom 40 1 2 2
2 Peter Mueller James Van Riemsdyk Mikkel Boedker 30 1 2 2
3 Kyle Chipchura Sergei Kostitsyn Steve Quailer 20 1 2 2
4 Jamie Arniel Patrick Maroon Tomas Kubalik 10 1 2 2
5 vs 5 Defense
Defense Defense Time % Phy DF OF
1 Martin Grenier Tyler Myers 40 1 2 2
2 Bryan Rodney Matt Jones 30 1 2 2
3 Nolan Pratt Roman Josi 20 1 2 2
4 Nolan Pratt Pavel Valentenko 10 1 2 2
PowerPlay Forward
Center Left Wing Right Wing Time % Phy DF OF
1 Tyler Bozak James Van Riemsdyk Niklas Sundstrom 60 1 2 2
2 Peter Mueller Sergei Kostitsyn Mikkel Boedker 40 1 2 2
PowerPlay Defense
Defense Defense Time % Phy DF OF
1 Tyler Myers Nolan Pratt 60 1 2 2
2 Martin Grenier Matt Jones 40 1 2 2
Penalty Kill 4 Players Forward
Center Wing Time % Phy DF OF
1 Kyle Chipchura Steve Quailer 60 1 2 2
2 Sergei Kostitsyn Mikkel Boedker 40 1 2 2
Penalty Kill 4 Players Defense
Defense Defense Time % Phy DF OF
1 Martin Grenier Nolan Pratt 60 1 2 2
2 Pavel Valentenko Matt Jones 40 1 2 2
Penalty Kill - 3 Players Forward
Forward Time % Phy DF OF
1 Kyle Chipchura 60 1 2 2
2 Jamie Arniel 40 1 2 2
Penalty Kill - 3 Players Defense
Defense Defense Time % Phy DF OF
1 Martin Grenier Nolan Pratt 60 1 2 2
2 Pavel Valentenko Matt Jones 40 1 2 2
4 vs 4 Forward
Center Wing Time % Phy DF OF
1 Niklas Sundstrom James Van Riemsdyk 60 1 2 2
2 Sergei Kostitsyn Mikkel Boedker 40 1 2 2
4 vs 4 Defense
Defense Defense Time % Phy DF OF
1 Martin Grenier Tyler Myers 60 1 2 2
2 Nolan Pratt Matt Jones 40 1 2 2
Last Minutes Offensive
Center Left Wing Right Wing Defense Defense
Tyler Bozak Brett Maclean Niklas Sundstrom Martin Grenier Matt Jones
Last Minutes Defensive
Center Left Wing Right Wing Defense Defense
Tyler Bozak Sergei Kostitsyn Niklas Sundstrom Martin Grenier Nolan Pratt
Goaltenders
Starting : Jonathan Bernier
Backup : Braden Holtby
Extra Forwards
Normal : Brett Maclean, James Van Riemsdyk, Tomas Kubalik - PP : Brett Maclean, James Van Riemsdyk - PK : Kyle Chipchura
Extra Defensemen
Normal : Tyler Myers, Pavel Valentenko, Bryan Rodney - PP : Tyler Myers - PK : Pavel Valentenko, Bryan Rodney
Penalty Shots
Mikkel Boedker, Sergei Kostitsyn, Brett Maclean, Tyler Bozak, James Van Riemsdyk
% Time on Ice - Inferno
Lines # - Real PCT - Wanted PCT - Time Play
Normal Forward
1 - 35% - 40% - 15:32
2 - 26% - 30% - 11:16
3 - 24% - 20% - 10:34
4 - 15% - 10% - 6:42
Normal Defense
1 - 40% - 40% - 17:29
2 - 29% - 30% - 12:56
3 - 26% - 20% - 11:31
4 - 5% - 10% - 2:08
PP Forward
1 - 54% - 60% - 4:52
2 - 46% - 40% - 4:05
PP Defense
1 - 77% - 60% - 6:55
2 - 23% - 40% - 2:02
PK Forward
1 - 75% - 60% - 5:13
2 - 25% - 40% - 1:46
PK Defense
1 - 67% - 60% - 4:41
2 - 33% - 40% - 2:18
PK3 Forward
1 - 0% - 60%
2 - 0% - 40%
PK3 Defense
1 - 0% - 60%
2 - 0% - 40%
44 Forward
1 - 0% - 60%
2 - 0% - 40%
44 Defense
1 - 0% - 60%
2 - 0% - 40%
Last Minute Offensive - 0:00
Last Minute Defensive - 0:00
Total
Forward - 60:00
Defense - 60:00
|
% Time on Ice - River Rats
Lines # - Real PCT - Wanted PCT - Time Play
Normal Forward
1 - 36% - 40% - 16:01
2 - 27% - 30% - 11:51
3 - 22% - 20% - 9:47
4 - 15% - 10% - 6:25
Normal Defense
1 - 46% - 40% - 20:22
2 - 26% - 30% - 11:27
3 - 19% - 20% - 8:18
4 - 9% - 10% - 3:57
PP Forward
1 - 63% - 60% - 4:22
2 - 37% - 40% - 2:37
PP Defense
1 - 65% - 60% - 4:32
2 - 35% - 40% - 2:27
PK Forward
1 - 70% - 60% - 6:17
2 - 30% - 40% - 2:40
PK Defense
1 - 66% - 60% - 5:55
2 - 34% - 40% - 3:02
PK3 Forward
1 - 0% - 60%
2 - 0% - 40%
PK3 Defense
1 - 0% - 60%
2 - 0% - 40%
44 Forward
1 - 0% - 60%
2 - 0% - 40%
44 Defense
1 - 0% - 60%
2 - 0% - 40%
Last Minute Offensive - 0:00
Last Minute Defensive - 0:00
Total
Forward - 60:00
Defense - 60:00
|
Play by Play
1st period
0:01 of 1st period - Mikhail Grabovski wins face-off versus Tyler Bozak in neutral zone.
0:08 of 1st period - Off-side.
0:09 of 1st period - Jonathan Ferland wins face-off versus Tyler Bozak in neutral zone.
0:44 of 1st period - Snap shot by Jonathan Ferland.
0:44 of 1st period - Stopped by Jonathan Bernier with a rebound.
0:46 of 1st period - Slapshot by Derek Meech.
0:46 of 1st period - Shot Misses the Net.
0:48 of 1st period - Wrist shot by Brad Marchand.
0:48 of 1st period - Stopped by Jonathan Bernier with a rebound.
0:50 of 1st period - Slapshot by Jonathan Ferland.
0:50 of 1st period - Stopped by Jonathan Bernier without a rebound.
0:51 of 1st period - Colin Wilson wins face-off versus Peter Mueller in River Rats zone.
1:13 of 1st period - Icing by Brendan Smith.
1:14 of 1st period - Colin Wilson wins face-off versus Kyle Chipchura in Inferno zone.
1:48 of 1st period - Slapshot by Jamie Arniel.
1:48 of 1st period - Shot Blocked by Brendan Smith.
2:04 of 1st period - Wrist shot by Peter Mueller.
2:04 of 1st period - Shot Misses the Net.
2:06 of 1st period - Wrist shot by Tyler Bozak.
2:06 of 1st period - Shot Misses the Net.
2:08 of 1st period - Backhand shot by Nolan Pratt.
2:08 of 1st period - Shot Blocked by Yannick Weber.
2:10 of 1st period - Wrist shot by Niklas Sundstrom.
2:10 of 1st period - Shot Blocked by Yannick Weber.
2:12 of 1st period - Backhand shot by Nolan Pratt.
2:12 of 1st period - Shot Misses the Net.
2:20 of 1st period - Minor Penalty to Yannick Weber for Hooking.
2:21 of 1st period - Tyler Bozak wins face-off versus Brian Boyle in Inferno zone.
2:24 of 1st period - Snap shot by Tyler Bozak.
2:24 of 1st period - Shot Misses the Net.
2:26 of 1st period - Wrist shot by Niklas Sundstrom.
2:26 of 1st period - Deflect By Tyler Bozak.
2:26 of 1st period - Shot Blocked by Brendan Smith.
2:26 of 1st period - Puck is out of play.
2:27 of 1st period - Brian Boyle wins face-off versus Niklas Sundstrom in Inferno zone.
2:40 of 1st period - Snap shot by James Van Riemsdyk.
2:40 of 1st period - Goal by James Van Riemsdyk - Inferno : 0 - River Rats : 1.
2:41 of 1st period - Mikhail Grabovski wins face-off versus Peter Mueller in neutral zone.
2:44 of 1st period - Wrist shot by Mikhail Grabovski.
2:44 of 1st period - Deflect By Mikkel Boedker.
2:44 of 1st period - Shot Misses the Net.
2:44 of 1st period - Puck is out of play.
2:45 of 1st period - Peter Mueller wins face-off versus Mikhail Grabovski in River Rats zone.
3:10 of 1st period - Jonathan Ferland is hit by Niklas Sundstrom and loses puck.
3:20 of 1st period - Off-side.
3:21 of 1st period - Brian Boyle wins face-off versus Kyle Chipchura in neutral zone.
4:20 of 1st period - Snap shot by Andrej Meszaros.
4:20 of 1st period - Stopped by Jonathan Bernier with a rebound.
4:54 of 1st period - Sergei Kostitsyn is hit by Brendan Smith and loses puck.
5:26 of 1st period - Wrist shot by Mikhail Grabovski.
5:26 of 1st period - Shot Misses the Net.
5:28 of 1st period - Backhand shot by Brad Marchand.
5:28 of 1st period - Stopped by Jonathan Bernier with a rebound.
5:58 of 1st period - Snap shot by Mikhail Grabovski.
5:58 of 1st period - Shot Misses the Net.
6:12 of 1st period - Bryan Rodney is hit by Andrej Sekera and loses puck.
6:17 of 1st period - Wrist shot by Mikhail Grabovski.
6:17 of 1st period - Shot Misses the Net.
6:19 of 1st period - Slapshot by Andrej Sekera.
6:19 of 1st period - Stopped by Jonathan Bernier with a rebound.
6:21 of 1st period - Slapshot by Brendan Smith.
6:21 of 1st period - Stopped by Jonathan Bernier without a rebound.
6:22 of 1st period - James Van Riemsdyk wins face-off versus Colin Wilson in River Rats zone.
6:30 of 1st period - Icing by Derek Meech.
6:31 of 1st period - Peter Mueller wins face-off versus Colin Wilson in Inferno zone.
6:39 of 1st period - Major / Game Misconduct Penalty to Pavel Valentenko for Head-butting.
6:39 of 1st period - Pavel Valentenko is ejected from game.
6:40 of 1st period - Colin Wilson wins face-off versus Kyle Chipchura in River Rats zone.
6:43 of 1st period - Wrist shot by Stephane Veilleux.
6:43 of 1st period - Stopped by Jonathan Bernier without a rebound.
6:44 of 1st period - Colin Wilson wins face-off versus Kyle Chipchura in River Rats zone.
6:49 of 1st period - Snap shot by Stephane Veilleux.
6:49 of 1st period - Stopped by Jonathan Bernier with a rebound.
6:51 of 1st period - Wrist shot by Derek Meech.
6:51 of 1st period - Stopped by Jonathan Bernier without a rebound.
6:52 of 1st period - Kyle Chipchura wins face-off versus Colin Wilson in River Rats zone.
6:52 of 1st period - Kyle Chipchura is hit by Stephane Veilleux.
6:57 of 1st period - Off-side.
6:58 of 1st period - Colin Wilson wins face-off versus Kyle Chipchura in neutral zone.
7:00 of 1st period - Off-side.
7:01 of 1st period - Kyle Chipchura wins face-off versus Colin Wilson in neutral zone.
7:20 of 1st period - Wrist shot by Colin Wilson.
7:20 of 1st period - Shot Misses the Net.
7:22 of 1st period - Backhand shot by Derek Meech.
7:22 of 1st period - Deflect By Nolan Pratt.
7:22 of 1st period - Goal by Derek Meech - Inferno : 1 - River Rats : 1.
7:23 of 1st period - Mikhail Grabovski wins face-off versus Kyle Chipchura in neutral zone.
7:26 of 1st period - Slapshot by Andrej Meszaros.
7:26 of 1st period - Deflect By Mikhail Grabovski.
7:26 of 1st period - Shot Misses the Net.
7:26 of 1st period - Puck is out of play.
7:27 of 1st period - Kyle Chipchura wins face-off versus Brad Marchand in River Rats zone.
7:40 of 1st period - Snap shot by Mikhail Grabovski.
7:40 of 1st period - Shot Blocked by Steve Quailer.
7:42 of 1st period - Snap shot by Jonathan Ferland.
7:42 of 1st period - Goal by Jonathan Ferland - Inferno : 2 - River Rats : 1.
7:43 of 1st period - Kyle Chipchura wins face-off versus Mikhail Grabovski in neutral zone.
7:50 of 1st period - Slapshot by Martin Grenier.
7:50 of 1st period - Deflect By Jonathan Ferland.
7:50 of 1st period - Stopped by Jonathan Boutin without a rebound.
7:51 of 1st period - Kyle Chipchura wins face-off versus Mikhail Grabovski in Inferno zone.
8:06 of 1st period - Snap shot by Jonathan Ferland.
8:06 of 1st period - Shot Misses the Net.
8:12 of 1st period - Slapshot by Martin Grenier.
8:12 of 1st period - Deflect By Steve Quailer.
8:12 of 1st period - Shot Blocked by Brad Marchand.
8:12 of 1st period - Puck is out of play.
8:13 of 1st period - Colin Wilson wins face-off versus Sergei Kostitsyn in Inferno zone.
8:24 of 1st period - Snap shot by Colin Wilson.
8:24 of 1st period - Stopped by Jonathan Bernier with a rebound.
8:26 of 1st period - Wrist shot by Colin Wilson.
8:26 of 1st period - Goal by Colin Wilson - Inferno : 3 - River Rats : 1.
8:27 of 1st period - Mikhail Grabovski wins face-off versus Kyle Chipchura in neutral zone.
8:30 of 1st period - Wrist shot by Andrej Meszaros.
8:30 of 1st period - Shot Misses the Net.
8:32 of 1st period - Wrist shot by Mikhail Grabovski.
8:32 of 1st period - Stopped by Jonathan Bernier with a rebound.
8:34 of 1st period - Slapshot by Andrej Meszaros.
8:34 of 1st period - Deflect By Mikhail Grabovski.
8:34 of 1st period - Shot Misses the Net.
8:34 of 1st period - Puck is out of play.
8:35 of 1st period - Mikhail Grabovski wins face-off versus Kyle Chipchura in River Rats zone.
8:42 of 1st period - Snap shot by Mikhail Grabovski.
8:42 of 1st period - Goal by Mikhail Grabovski - Inferno : 4 - River Rats : 1.
8:42 of 1st period - Braden Holtby enters game.
8:43 of 1st period - Mikhail Grabovski wins face-off versus Kyle Chipchura in neutral zone.
8:46 of 1st period - Wrist shot by Mikhail Grabovski.
8:46 of 1st period - Shot Misses the Net.
8:48 of 1st period - Snap shot by Derek Meech.
8:48 of 1st period - Shot Blocked by Nolan Pratt.
8:50 of 1st period - Snap shot by Mikhail Grabovski.
8:50 of 1st period - Stopped by Braden Holtby without a rebound.
8:51 of 1st period - Kyle Chipchura wins face-off versus Mikhail Grabovski in River Rats zone.
9:22 of 1st period - Icing by Colin Wilson.
9:23 of 1st period - Kyle Chipchura wins face-off versus Colin Wilson in Inferno zone.
9:30 of 1st period - Snap shot by Kyle Chipchura.
9:30 of 1st period - Shot Blocked by Derek Meech.
9:48 of 1st period - Slapshot by Andrej Meszaros.
9:48 of 1st period - Shot Blocked by Matt Jones.
9:50 of 1st period - Slapshot by Andrej Meszaros.
9:50 of 1st period - Stopped by Braden Holtby without a rebound.
9:51 of 1st period - Mikhail Grabovski wins face-off versus Sergei Kostitsyn in River Rats zone.
10:16 of 1st period - Andrej Sekera is hit by Martin Grenier and loses puck.
10:30 of 1st period - Icing by Andrej Meszaros.
10:31 of 1st period - Mikhail Grabovski wins face-off versus Sergei Kostitsyn in Inferno zone.
10:54 of 1st period - Kyle Chipchura is hit by Stephane Veilleux and loses puck.
11:39 of 1st period - Penalty to Pavel Valentenko is over, Niklas Sundstrom is send on ice.
11:47 of 1st period - Snap shot by Niklas Sundstrom.
11:47 of 1st period - Stopped by Jonathan Boutin without a rebound.
11:48 of 1st period - Brian Boyle wins face-off versus Tyler Bozak in Inferno zone.
11:48 of 1st period - Brian Boyle is hit by Brett Maclean.
12:06 of 1st period - Snap shot by Niklas Sundstrom.
12:06 of 1st period - Stopped by Jonathan Boutin with a rebound.
12:08 of 1st period - Snap shot by Niklas Sundstrom.
12:08 of 1st period - Shot Misses the Net.
12:18 of 1st period - Wrist shot by Tyler Bozak.
12:18 of 1st period - Stopped by Jonathan Boutin with a rebound.
12:20 of 1st period - Wrist shot by Tyler Bozak.
12:20 of 1st period - Shot Blocked by Brendan Mikkelson.
12:52 of 1st period - Slapshot by Brian Boyle.
12:52 of 1st period - Stopped by Braden Holtby without a rebound.
12:53 of 1st period - Colin Wilson wins face-off versus Peter Mueller in River Rats zone.
13:47 of 1st period - Off-side.
13:48 of 1st period - Vladimir Sobotka wins face-off versus Peter Mueller in neutral zone.
13:59 of 1st period - Andrej Sekera is hit by Mikkel Boedker and loses puck.
14:15 of 1st period - Off-side.
14:16 of 1st period - Colin Wilson wins face-off versus Jamie Arniel in neutral zone.
14:27 of 1st period - Slapshot by Andrej Meszaros.
14:27 of 1st period - Shot Blocked by Matt Jones.
14:34 of 1st period - Minor Penalty to Stephane Veilleux for Roughing.
14:35 of 1st period - Tyler Bozak wins face-off versus Brian Boyle in Inferno zone.
15:20 of 1st period - Snap shot by Peter Mueller.
15:20 of 1st period - Shot Misses the Net.
15:22 of 1st period - Slapshot by Sergei Kostitsyn.
15:22 of 1st period - Shot Misses the Net.
16:34 of 1st period - Penalty to Stephane Veilleux is over, Stephane Veilleux is back on ice.
17:13 of 1st period - Vladimir Sobotka is hit by Steve Quailer and loses puck.
17:20 of 1st period - Kyle Chipchura is hit by Andrej Meszaros and loses puck.
18:24 of 1st period - Brian Boyle is hit by Peter Mueller and loses puck.
19:06 of 1st period - Snap shot by Tomas Kubalik.
19:06 of 1st period - Shot Blocked by Vladimir Zharkov.
19:08 of 1st period - Slapshot by Nolan Pratt.
19:08 of 1st period - Stopped by Jonathan Boutin with a rebound.
19:28 of 1st period - Andrej Sekera is hit by James Van Riemsdyk and loses puck.
19:45 of 1st period - Niklas Sundstrom is hit by Pierre-Luc Létourneau and loses puck.
Goals for this period are 4 for Inferno vs 1 for River Rats.
Shots for this period are 19 for Inferno vs 6 for River Rats.
2nd period
0:01 of 2nd period - Brad Marchand wins face-off versus Tyler Bozak in neutral zone.
0:26 of 2nd period - Stephane Veilleux is hit by Martin Grenier and loses puck.
0:41 of 2nd period - Peter Mueller is hit by Colin Wilson and loses puck.
1:12 of 2nd period - Tyler Myers is hit by Brendan Smith and loses puck.
1:29 of 2nd period - Vladimir Sobotka is hit by Brett Maclean and loses puck.
2:10 of 2nd period - Pierre-Luc Létourneau is hit by Kyle Chipchura and loses puck.
2:16 of 2nd period - Off-side.
2:17 of 2nd period - Mikhail Grabovski wins face-off versus Kyle Chipchura in neutral zone.
2:26 of 2nd period - Wrist shot by Brad Marchand.
2:26 of 2nd period - Shot Blocked by Steve Quailer.
2:49 of 2nd period - Slapshot by Derek Meech.
2:49 of 2nd period - Stopped by Braden Holtby with a rebound.
2:51 of 2nd period - Slapshot by Derek Meech.
2:51 of 2nd period - Deflect By Nolan Pratt.
2:51 of 2nd period - Stopped by Braden Holtby without a rebound.
2:52 of 2nd period - Mikhail Grabovski wins face-off versus Tyler Bozak in River Rats zone.
3:28 of 2nd period - Wrist shot by James Van Riemsdyk.
3:28 of 2nd period - Shot Misses the Net.
3:51 of 2nd period - Slapshot by Bryan Rodney.
3:51 of 2nd period - Stopped by Jonathan Boutin without a rebound.
3:52 of 2nd period - Mikhail Grabovski wins face-off versus Tyler Bozak in Inferno zone.
3:57 of 2nd period - Slapshot by Brad Marchand.
3:57 of 2nd period - Shot Misses the Net.
4:01 of 2nd period - Wrist shot by Mikhail Grabovski.
4:01 of 2nd period - Shot Misses the Net.
4:03 of 2nd period - Slapshot by Andrej Sekera.
4:03 of 2nd period - Deflect By Niklas Sundstrom.
4:03 of 2nd period - Stopped by Braden Holtby with a rebound.
4:13 of 2nd period - Minor Penalty to Tyler Bozak for Interference.
4:14 of 2nd period - Kyle Chipchura wins face-off versus Mikhail Grabovski in River Rats zone.
5:48 of 2nd period - Jonathan Ferland is hit by Mikkel Boedker and loses puck.
6:13 of 2nd period - Penalty to Tyler Bozak is over, Tyler Bozak is back on ice.
6:21 of 2nd period - Brian Boyle is hit by Martin Grenier and loses puck.
6:43 of 2nd period - Off-side.
6:44 of 2nd period - Jamie Arniel wins face-off versus Vladimir Sobotka in neutral zone.
6:49 of 2nd period - Slapshot by Bryan Rodney.
6:49 of 2nd period - Shot Blocked by Vladimir Zharkov.
6:53 of 2nd period - Slapshot by Matt Jones.
6:53 of 2nd period - Shot Misses the Net.
6:55 of 2nd period - Snap shot by Matt Jones.
6:55 of 2nd period - Stopped by Jonathan Boutin with a rebound.
6:57 of 2nd period - Slapshot by Bryan Rodney.
6:57 of 2nd period - Stopped by Jonathan Boutin with a rebound.
6:59 of 2nd period - Wrist shot by Jamie Arniel.
6:59 of 2nd period - Shot Misses the Net.
7:17 of 2nd period - Wrist shot by Brian Boyle.
7:17 of 2nd period - Stopped by Braden Holtby with a rebound.
7:21 of 2nd period - Wrist shot by Pierre-Luc Létourneau.
7:21 of 2nd period - Shot Misses the Net.
7:33 of 2nd period - Snap shot by Niklas Sundstrom.
7:33 of 2nd period - Stopped by Jonathan Boutin without a rebound.
7:34 of 2nd period - Niklas Sundstrom wins face-off versus Mikhail Grabovski in Inferno zone.
8:14 of 2nd period - Wrist shot by Mikhail Grabovski.
8:14 of 2nd period - Shot Misses the Net.
8:16 of 2nd period - Slapshot by Andrej Meszaros.
8:16 of 2nd period - Shot Misses the Net.
8:18 of 2nd period - Wrist shot by Mikhail Grabovski.
8:18 of 2nd period - Shot Blocked by Niklas Sundstrom.
8:20 of 2nd period - Slapshot by Mikhail Grabovski.
8:20 of 2nd period - Shot Misses the Net.
8:54 of 2nd period - Snap shot by Mikhail Grabovski.
8:54 of 2nd period - Deflect By Jonathan Ferland.
8:54 of 2nd period - Stopped by Braden Holtby with a rebound.
8:56 of 2nd period - Wrist shot by Mikhail Grabovski.
8:56 of 2nd period - Shot Misses the Net.
8:58 of 2nd period - Slapshot by Derek Meech.
8:58 of 2nd period - Deflect By Mikhail Grabovski.
8:58 of 2nd period - Stopped by Braden Holtby without a rebound.
8:59 of 2nd period - Colin Wilson wins face-off versus Peter Mueller in River Rats zone.
9:15 of 2nd period - Snap shot by Mikkel Boedker.
9:15 of 2nd period - Stopped by Jonathan Boutin with a rebound.
9:52 of 2nd period - Snap shot by Martin Grenier.
9:52 of 2nd period - Shot Misses the Net.
9:54 of 2nd period - Slapshot by Martin Grenier.
9:54 of 2nd period - Stopped by Jonathan Boutin with a rebound.
9:56 of 2nd period - Snap shot by Tyler Myers.
9:56 of 2nd period - Shot Misses the Net.
10:58 of 2nd period - Brian Boyle is hit by Steve Quailer and loses puck.
11:31 of 2nd period - Icing by Peter Mueller.
11:32 of 2nd period - Peter Mueller wins face-off versus Mikhail Grabovski in River Rats zone.
11:45 of 2nd period - Wrist shot by Brett Maclean.
11:45 of 2nd period - Stopped by Jonathan Boutin without a rebound.
11:46 of 2nd period - Jozef Balej wins face-off versus Peter Mueller in Inferno zone.
11:51 of 2nd period - Wrist shot by Jozef Balej.
11:51 of 2nd period - Stopped by Braden Holtby without a rebound.
11:52 of 2nd period - Peter Mueller wins face-off versus Colin Wilson in River Rats zone.
11:57 of 2nd period - Slapshot by Mikkel Boedker.
11:57 of 2nd period - Shot Misses the Net.
12:00 of 2nd period - Icing by Jozef Balej.
12:01 of 2nd period - Colin Wilson wins face-off versus Tyler Bozak in Inferno zone.
12:31 of 2nd period - Wrist shot by Peter Mueller.
12:31 of 2nd period - Stopped by Jonathan Boutin with a rebound.
12:33 of 2nd period - Snap shot by Peter Mueller.
12:33 of 2nd period - Deflect By James Van Riemsdyk.
12:33 of 2nd period - Shot Misses the Net.
12:33 of 2nd period - Puck is out of play.
12:34 of 2nd period - Mikhail Grabovski wins face-off versus Tyler Bozak in Inferno zone.
12:38 of 2nd period - Off-side.
12:39 of 2nd period - Tyler Bozak wins face-off versus Mikhail Grabovski in neutral zone.
13:08 of 2nd period - Slapshot by Colin Wilson.
13:08 of 2nd period - Stopped by Braden Holtby with a rebound.
13:10 of 2nd period - Snap shot by Stephane Veilleux.
13:10 of 2nd period - Goal by Stephane Veilleux - Inferno : 5 - River Rats : 1.
13:11 of 2nd period - Niklas Sundstrom wins face-off versus Mikhail Grabovski in neutral zone.
13:41 of 2nd period - Snap shot by Sergei Kostitsyn.
13:41 of 2nd period - Deflect By Steve Quailer.
13:41 of 2nd period - Stopped by Jonathan Boutin with a rebound.
13:43 of 2nd period - Slapshot by Martin Grenier.
13:43 of 2nd period - Shot Misses the Net.
13:45 of 2nd period - Slapshot by Martin Grenier.
13:45 of 2nd period - Stopped by Jonathan Boutin without a rebound.
13:46 of 2nd period - Tyler Bozak wins face-off versus Colin Wilson in Inferno zone.
14:28 of 2nd period - Brian Boyle is hit by Mikkel Boedker and loses puck.
14:41 of 2nd period - Slapshot by Bryan Rodney.
14:41 of 2nd period - Stopped by Jonathan Boutin with a rebound.
15:13 of 2nd period - Icing by Tyler Bozak.
15:14 of 2nd period - Colin Wilson wins face-off versus Tyler Bozak in River Rats zone.
15:17 of 2nd period - Slapshot by Colin Wilson.
15:17 of 2nd period - Deflect By Jozef Balej.
15:17 of 2nd period - Shot Blocked by Tyler Bozak.
15:17 of 2nd period - Puck is out of play.
15:18 of 2nd period - Peter Mueller wins face-off versus Colin Wilson in River Rats zone.
15:24 of 2nd period - Minor Penalty to Stephane Veilleux for Hooking.
15:25 of 2nd period - Brian Boyle wins face-off versus Tyler Bozak in Inferno zone.
16:49 of 2nd period - Slapshot by Andrej Meszaros.
16:49 of 2nd period - Deflect By Mikhail Grabovski.
16:49 of 2nd period - Stopped by Braden Holtby with a rebound.
17:05 of 2nd period - Sergei Kostitsyn is hit by Brendan Smith and loses puck.
17:14 of 2nd period - Pierre-Luc Létourneau is hit by Matt Jones and loses puck.
17:24 of 2nd period - Penalty to Stephane Veilleux is over, Stephane Veilleux is back on ice.
17:37 of 2nd period - Snap shot by Martin Grenier.
17:37 of 2nd period - Shot Misses the Net.
17:39 of 2nd period - Snap shot by Patrick Maroon.
17:39 of 2nd period - Stopped by Jonathan Boutin with a rebound.
17:41 of 2nd period - Slapshot by Martin Grenier.
17:41 of 2nd period - Shot Blocked by Jozef Balej.
17:43 of 2nd period - Snap shot by Matt Jones.
17:43 of 2nd period - Shot Blocked by Stephane Veilleux.
17:59 of 2nd period - Vladimir Zharkov is hit by Kyle Chipchura.
18:27 of 2nd period - Patrick Maroon is hit by Brian Boyle and loses puck.
18:46 of 2nd period - Nolan Pratt is hit by Colin Wilson and loses puck.
19:08 of 2nd period - Sergei Kostitsyn is hit by Brad Marchand and loses puck.
19:14 of 2nd period - Icing by Tyler Myers.
19:15 of 2nd period - Mikhail Grabovski wins face-off versus Kyle Chipchura in River Rats zone.
Goals for this period are 1 for Inferno vs 0 for River Rats.
Shots for this period are 10 for Inferno vs 12 for River Rats.
3rd period
0:01 of 3rd period - Mikhail Grabovski wins face-off versus Tyler Bozak in neutral zone.
0:11 of 3rd period - Wrist shot by Mikhail Grabovski.
0:11 of 3rd period - Stopped by Braden Holtby without a rebound.
0:12 of 3rd period - Tyler Bozak wins face-off versus Mikhail Grabovski in River Rats zone.
0:21 of 3rd period - Wrist shot by Niklas Sundstrom.
0:21 of 3rd period - Shot Misses the Net.
0:23 of 3rd period - Slapshot by Martin Grenier.
0:23 of 3rd period - Deflect By Brett Maclean.
0:23 of 3rd period - Shot Misses the Net.
0:23 of 3rd period - Puck is out of play.
0:24 of 3rd period - Peter Mueller wins face-off versus Mikhail Grabovski in Inferno zone.
0:33 of 3rd period - Snap shot by Mikkel Boedker.
0:33 of 3rd period - Goal by Mikkel Boedker - Inferno : 5 - River Rats : 2.
0:34 of 3rd period - Tyler Bozak wins face-off versus Brad Marchand in neutral zone.
0:50 of 3rd period - Slapshot by Brad Marchand.
0:50 of 3rd period - Stopped by Braden Holtby without a rebound.
0:51 of 3rd period - Colin Wilson wins face-off versus Peter Mueller in River Rats zone.
0:54 of 3rd period - Snap shot by Stephane Veilleux.
0:54 of 3rd period - Goal by Stephane Veilleux - Inferno : 6 - River Rats : 2.
0:55 of 3rd period - Peter Mueller wins face-off versus Mikhail Grabovski in neutral zone.
1:01 of 3rd period - Derek Meech beats up Mikkel Boedker.
1:01 of 3rd period - Penalty to Mikkel Boedker for Fighting.
1:01 of 3rd period - Penalty to Derek Meech for Fighting.
1:02 of 3rd period - Peter Mueller wins face-off versus Mikhail Grabovski in River Rats zone.
1:11 of 3rd period - Backhand shot by James Van Riemsdyk.
1:11 of 3rd period - Shot Misses the Net.
1:17 of 3rd period - Martin Grenier is hit by Brad Marchand and loses puck.
1:37 of 3rd period - Wrist shot by Stephane Veilleux.
1:37 of 3rd period - Stopped by Braden Holtby with a rebound.
1:49 of 3rd period - Tyler Myers is hit by Pierre-Luc Létourneau and loses puck.
1:50 of 3rd period - Tyler Myers from River Rats is injured at 1:50 of 3rd period (Sprained Right Finger).
1:51 of 3rd period - Mikhail Grabovski wins face-off versus Brett Maclean in River Rats zone.
1:52 of 3rd period - Backhand shot by Brad Marchand.
1:52 of 3rd period - Shot Misses the Net.
2:02 of 3rd period - Snap shot by Niklas Sundstrom.
2:02 of 3rd period - Shot Misses the Net.
2:04 of 3rd period - Wrist shot by Martin Grenier.
2:04 of 3rd period - Stopped by Jonathan Boutin with a rebound.
2:06 of 3rd period - Slapshot by Martin Grenier.
2:06 of 3rd period - Stopped by Jonathan Boutin with a rebound.
2:20 of 3rd period - Wrist shot by Andrej Meszaros.
2:20 of 3rd period - Shot Blocked by Nolan Pratt.
2:32 of 3rd period - Minor Penalty to Tomas Kubalik for Hooking.
2:33 of 3rd period - Mikhail Grabovski wins face-off versus Kyle Chipchura in River Rats zone.
2:48 of 3rd period - Snap shot by Brad Marchand.
2:48 of 3rd period - Stopped by Braden Holtby without a rebound.
2:49 of 3rd period - Kyle Chipchura wins face-off versus Mikhail Grabovski in River Rats zone.
3:00 of 3rd period - Snap shot by Mikhail Grabovski.
3:00 of 3rd period - Stopped by Braden Holtby without a rebound.
3:01 of 3rd period - Mikhail Grabovski wins face-off versus Steve Quailer in River Rats zone.
3:02 of 3rd period - Slapshot by Jonathan Ferland.
3:02 of 3rd period - Shot Misses the Net.
3:34 of 3rd period - Slapshot by James Van Riemsdyk.
3:34 of 3rd period - Deflect By Sergei Kostitsyn.
3:34 of 3rd period - Shot Misses the Net.
3:34 of 3rd period - Puck is out of play.
3:35 of 3rd period - Colin Wilson wins face-off versus Sergei Kostitsyn in Inferno zone.
4:03 of 3rd period - Off-side.
4:04 of 3rd period - James Van Riemsdyk wins face-off versus Brad Marchand in neutral zone.
4:32 of 3rd period - Penalty to Tomas Kubalik is over, Tomas Kubalik is back on ice.
5:57 of 3rd period - Alex Berry is hit by Jamie Arniel and loses puck.
6:13 of 3rd period - Andrej Sekera is hit by Brett Maclean and loses puck.
6:53 of 3rd period - Matt Jones is hit by Vladimir Zharkov and loses puck.
7:20 of 3rd period - Brad Marchand is hit by Peter Mueller and loses puck.
7:38 of 3rd period - Brad Marchand is hit by Niklas Sundstrom.
8:47 of 3rd period - Backhand shot by Pierre-Luc Létourneau.
8:47 of 3rd period - Shot Misses the Net.
8:49 of 3rd period - Wrist shot by Brian Boyle.
8:49 of 3rd period - Inferno goal is going for a video replay.
8:49 of 3rd period - The goal is refused. The puck has entered the net after making contact with an attacking player’s stick that is above the height of the crossbar..
8:50 of 3rd period - Colin Wilson wins face-off versus Tyler Bozak in River Rats zone.
8:51 of 3rd period - Snap shot by Jozef Balej.
8:51 of 3rd period - Stopped by Braden Holtby without a rebound.
8:52 of 3rd period - Tyler Bozak wins face-off versus Colin Wilson in River Rats zone.
8:59 of 3rd period - Wrist shot by Tyler Bozak.
8:59 of 3rd period - Shot Blocked by Jozef Balej.
9:22 of 3rd period - Snap shot by Vladimir Sobotka.
9:22 of 3rd period - Stopped by Braden Holtby with a rebound.
9:51 of 3rd period - Off-side.
9:52 of 3rd period - Peter Mueller wins face-off versus Mikhail Grabovski in neutral zone.
10:02 of 3rd period - Derek Meech is hit by James Van Riemsdyk and loses puck.
10:22 of 3rd period - Brendan Smith is hit by Patrick Maroon.
10:43 of 3rd period - Steve Quailer is hit by Vladimir Zharkov and loses puck.
11:07 of 3rd period - Snap shot by Mikkel Boedker.
11:07 of 3rd period - Shot Blocked by Vladimir Sobotka.
11:09 of 3rd period - Snap shot by James Van Riemsdyk.
11:09 of 3rd period - Stopped by Jonathan Boutin without a rebound.
11:10 of 3rd period - Brian Boyle wins face-off versus Peter Mueller in Inferno zone.
11:10 of 3rd period - Brian Boyle is hit by Mikkel Boedker.
11:26 of 3rd period - Brian Boyle is hit by Kyle Chipchura and loses puck.
11:44 of 3rd period - Brendan Smith is hit by Tyler Bozak and loses puck.
11:59 of 3rd period - Vladimir Zharkov is hit by Martin Grenier and loses puck.
12:06 of 3rd period - Snap shot by Matt Jones.
12:06 of 3rd period - Stopped by Jonathan Boutin with a rebound.
12:08 of 3rd period - Snap shot by Patrick Maroon.
12:08 of 3rd period - Stopped by Jonathan Boutin without a rebound.
12:09 of 3rd period - Peter Mueller wins face-off versus Colin Wilson in Inferno zone.
12:37 of 3rd period - Slapshot by Alex Berry.
12:37 of 3rd period - Stopped by Braden Holtby without a rebound.
12:38 of 3rd period - Brian Boyle wins face-off versus Tyler Bozak in River Rats zone.
12:39 of 3rd period - Snap shot by Alex Berry.
12:39 of 3rd period - Stopped by Braden Holtby with a rebound.
13:03 of 3rd period - Andrej Sekera is hit by Peter Mueller and loses puck.
13:10 of 3rd period - Snap shot by Peter Mueller.
13:10 of 3rd period - Goal by Peter Mueller - Inferno : 6 - River Rats : 3.
13:11 of 3rd period - Tyler Bozak wins face-off versus Mikhail Grabovski in neutral zone.
13:36 of 3rd period - Bryan Rodney is hit by Colin Wilson and loses puck.
14:00 of 3rd period - Minor Penalty to Brian Boyle for Hooking.
14:01 of 3rd period - Tyler Bozak wins face-off versus Vladimir Sobotka in Inferno zone.
14:42 of 3rd period - Slapshot by Mikkel Boedker.
14:42 of 3rd period - Deflect By Sergei Kostitsyn.
14:42 of 3rd period - Goal by Sergei Kostitsyn - Inferno : 6 - River Rats : 4.
14:43 of 3rd period - Colin Wilson wins face-off versus Tyler Bozak in neutral zone.
15:15 of 3rd period - Snap shot by Sergei Kostitsyn.
15:15 of 3rd period - Stopped by Jonathan Boutin with a rebound.
15:17 of 3rd period - Snap shot by Bryan Rodney.
15:17 of 3rd period - Shot Blocked by Brendan Smith.
15:19 of 3rd period - Wrist shot by Sergei Kostitsyn.
15:19 of 3rd period - Stopped by Jonathan Boutin with a rebound.
15:53 of 3rd period - Nolan Pratt is hit by Jozef Balej.
16:13 of 3rd period - Bryan Rodney is hit by Jonathan Ferland and loses puck.
16:32 of 3rd period - Wrist shot by Jozef Balej.
16:32 of 3rd period - Stopped by Braden Holtby with a rebound.
16:39 of 3rd period - Icing by Martin Grenier.
16:40 of 3rd period - Peter Mueller wins face-off versus Vladimir Sobotka in River Rats zone.
16:53 of 3rd period - Snap shot by Mikkel Boedker.
16:53 of 3rd period - Stopped by Jonathan Boutin with a rebound.
16:55 of 3rd period - Minor Penalty to Vladimir Sobotka for Hooking.
16:56 of 3rd period - Brian Boyle wins face-off versus Tyler Bozak in Inferno zone.
18:25 of 3rd period - Snap shot by Tyler Bozak.
18:25 of 3rd period - Deflect By Mikhail Grabovski.
18:25 of 3rd period - Shot Misses the Net.
18:25 of 3rd period - Puck is out of play.
18:26 of 3rd period - Brian Boyle wins face-off versus Peter Mueller in Inferno zone.
18:55 of 3rd period - Penalty to Vladimir Sobotka is over, Vladimir Sobotka is back on ice.
19:08 of 3rd period - Off-side.
19:09 of 3rd period - Tomas Kubalik wins face-off versus Jonathan Ferland in neutral zone.
19:12 of 3rd period - Brendan Mikkelson is hit by Mikkel Boedker and loses puck.
19:13 of 3rd period - Brendan Mikkelson from Inferno is injured at 19:13 of 3rd period (Bruised Right Arm).
19:14 of 3rd period - Brian Boyle wins face-off versus Kyle Chipchura in Inferno zone.
19:14 of 3rd period - Brian Boyle is hit by Sergei Kostitsyn.
19:20 of 3rd period - Sergei Kostitsyn is hit by Alex Berry and loses puck.
19:24 of 3rd period - Icing by Matt Jones.
19:25 of 3rd period - Kyle Chipchura wins face-off versus Brian Boyle in River Rats zone.
19:25 of 3rd period - Kyle Chipchura is hit by Brian Boyle.
19:31 of 3rd period - Slapshot by Matt Jones.
19:31 of 3rd period - Deflect By Steve Quailer.
19:31 of 3rd period - Shot Misses the Net.
19:31 of 3rd period - Puck is out of play.
19:32 of 3rd period - Kyle Chipchura wins face-off versus Brian Boyle in Inferno zone.
19:32 of 3rd period - Matt Jones is hit by Alex Berry and loses puck.
19:59 of 3rd period - Jamie Arniel is hit by Andrej Meszaros.
Goals for this period are 1 for Inferno vs 3 for River Rats.
Shots for this period are 12 for Inferno vs 11 for River Rats.
Output by the SimonT Hockey Simulator (STHS) for François Prévost -- Original Page W3C XHTML 1.0 Valid